 Dungeon Crawl Stone Soup version 0.32-a0-928-g1cae6b7ea0 (webtiles) character file.

Game seed: 8039971177435506428

28 horus123 the Chiller (level 3, -1/24 HPs)
             Began as a Human Ice Elementalist on Apr 13, 2024.
             Slain by a gnoll
             ... wielding a +0 spear
              (4 damage)
             ... on level 2 of the Dungeon.
             The game lasted 00:02:58 (1305 turns).

horus123 the Chiller (Human Ice Elementalist)       Turns: 1305, Time: 00:02:58

Health: -1/24      AC:  2    Str:  8    XL:     3   Next: 12%
Magic:  3/7        EV:  5    Int: 17    God:
Gold:   46         SH:  0    Dex: 13    Spells: 7/8 levels left

rFire   . . .        g - +0 dagger
rCold   . . .        (no shield)
rNeg    . . .        a - +0 robe
rPois   .            (no helmet)
rElec   .            (no cloak)
rCorr   .            (no gloves)
SInv    .            (no boots)
Will    .....        (no amulet)
Stlth   ++           (no ring)
HPRegen 0.24/turn    (no ring)
MPRegen 0.10/turn

%: no passive effects
@: held
A: explore regen
a: no special abilities


You were on level 2 of the Dungeon.
You visited 1 branch of the dungeon, and saw 2 of its levels.

You collected 46 gold pieces.

Inventory:

Hand Weapons
 g - a +0 dagger (weapon)
Armour
 a - a +0 robe (worn)
Scrolls
 e - 3 scrolls of teleportation
 h - a scroll of brand weapon {unknown}
 i - 3 scrolls of identify {unknown}
 j - a scroll of enchant armour {unknown}
 k - 2 scrolls of noise {unknown}
 n - a scroll of poison {unknown}
Potions
 b - a potion of magic
 c - a potion of might {unknown}
 d - a potion of attraction {unknown}
 f - 3 potions of curing {unknown}
 l - a potion of enlightenment {unknown}
 m - a potion of brilliance {unknown}


   Skills:
 - Level 2.0 Dodging
 - Level 2.0 Stealth
 + Level 3.3 Spellcasting
 - Level 4.0 Ice Magic


You had 7 spell levels left.
You knew the following spells:

 Your Spells              Type           Power      Damage    Failure   Level
a - Freeze                Ice            64%        1d7       3%          1

Your spell library contained the following spells:

 Spells                   Type           Power      Damage    Failure   Level
 Frozen Ramparts          Ice            32%        1d5       10%         3
 Ozocubu's Armour         Ice            16%        N/A       10%         3
 Slow                     Hex            8%         N/A       17%         1
 Summon Ice Beast         Ice/Summ       9%         N/A       22%         3
 Confusing Touch          Hex            2%         N/A       45%         3
 Vampiric Draining        Necr           2%         2d6       45%         3


Dungeon Overview and Level Annotations

Branches:
Dungeon (2/15)

Altars:

Shops:
D:1 !


Innate Abilities, Weirdness & Mutations

You regain HP and MP as you explore.


Message History

Your weapon can't reach that far!
Okay, then. 2 gnolls come into view.
The gnoll shouts!
You hear a shout!
The gnoll throws a throwing net.
The throwing net hits you.
You become entangled in the net!
A gnoll comes into view. It is wielding a +0 whip.
You see here a throwing net.
You struggle against the net.
You struggle against the net.
The gnoll hits you with a +0 whip!
The gnoll hits you from afar with a +0 spear.
Aiming: Freeze (safe; 3% risk of failure)
Press: ? - help, Q - select action Shift-Dir - straight line, f - gnoll
Aim: a gnoll, wielding a +0 whip You freeze the gnoll.
The gnoll is moderately wounded.
The gnoll barely misses you. x2
Aiming: Freeze (safe; 3% risk of failure)
Press: ? - help, Q - select action Shift-Dir - straight line, f/p - gnoll
Aim: a gnoll, wielding a +0 whip (moderately wounded)
You freeze the gnoll.
The gnoll is moderately wounded.
The gnoll barely misses you.
Aiming: Freeze (safe; 3% risk of failure)
Press: ? - help, Q - select action Shift-Dir - straight line, f/p - gnoll
Aim: a gnoll, wielding a +0 whip (moderately wounded)
You freeze the gnoll.
The gnoll is heavily wounded.
The gnoll hits you with a +0 whip.
The gnoll hits you from afar with a +0 spear.
* * * LOW HITPOINT WARNING * * *
Aiming: Freeze (safe; 3% risk of failure)
Press: ? - help, Q - select action Shift-Dir - straight line, f/p - gnoll
Aim: a gnoll, wielding a +0 whip (heavily wounded)
You freeze the gnoll!
You kill the gnoll!
The gnoll hits you with a +0 whip.
* * * LOW HITPOINT WARNING * * *
The gnoll hits you from afar with a +0 spear.
You die...

............##...............#
..........##.................#
........### .#...............#
........# .#...............#
.......... .#...............+
...........#+#....#####......#
........?# #.#.#### .........#
###.# ......)@## .# .......g#
##.....g# #........ ..........
#...####..# #... ..# #.. .##
.. .#


You could see 2 gnolls.

Vanquished Creatures
  A gnoll (D:2)
  2 dart slugs
  2 ball pythons (D:1)
  A giant cockroach (D:1)
  5 hobgoblins (D:1)
  A quokka (D:1)
  4 bats
  3 frilled lizards (D:1)
  2 goblins (D:1)
  2 rats
23 creatures vanquished.

Notes
Turn   | Place    | Note
-------+----------+-------------------------------------------
     0 | D:1      | horus123 the Human Ice Elementalist began the quest for the
                  | Orb.
     0 | D:1      | Reached XP level 1. HP: 13/13 MP: 3/3
    64 | D:1      | Found Imeoch's Distillery.
   382 | D:1      | Reached XP level 2. HP: 18/19 MP: 1/5
   543 | D:1      | Found a faded altar of an unknown god.
  1075 | D:1      | Reached XP level 3. HP: 21/24 MP: 3/7
  1305 | D:2      | Slain by a gnoll

Illustrated notes

Levels and vault maps discovered:
D:1:      dpeg_arrival_renting, layout_basic,
          shapermc_ecumenical_altar_mp_highgroup, serial_shops,
          nicolae_diamond_shop, minivault_26, minmay_pentomino_t4
D:2:      layout_basic, basic_altar, grunt_ministairs_12

Skill      XL: |  1  2 |
---------------+-------+-----
Spellcasting   | 3 |  3.3
Dodging        | |  2.0
Stealth        | |  2.0
Ice Magic      | |  4.0

Action                     || total
---------------------------++-------
  Melee: Unarmed           ||     1
         Dagger            ||     2
   Cast: Freeze            ||    38
    Use: Scroll            ||     1
 Armour: Robe              ||    38
  Dodge: Dodged            ||    25

Table legend: (Time is in decaauts)
 A = Elapsed time spent in this place.
 B = Non-inter-level travel time spent in this place.
 C = Inter-level travel time spent in this place.
 D = Time resting spent in this place.
 E = Time spent auto-exploring this place.
 F = Levels seen in this place.
 G = Mean time per level.
                   A        B        C        D        E       F      G
               +--------+--------+--------+--------+--------+-----+--------+
         Total |   1306 |   1285 |     21 |    156 |    916 |   2 |  653.0 |
       Dungeon |   1306 |   1285 |     21 |    156 |    916 |   2 |  653.0 |
               +--------+--------+--------+--------+--------+-----+--------+

Top non-repeatable levels by time:
     D:1: 1121 daAuts
     D:2: 184 daAuts
